 Dungeon Crawl Stone Soup version 0.29-a0-90-gc37658a0fe (webtiles) character file.

Game seed: 6300421476995827418

323 lordive the Magician (level 6, -8/40 (44) HPs)
             Began as a Gnoll Hedge Wizard on Feb 7, 2022.
             Mangled by a scorpion (9 damage)
             ... on level 5 of the Dungeon.
             The game lasted 00:06:16 (4841 turns).

lordive the Magician (Gnoll Hedge Wizard)           Turns: 4841, Time: 00:06:16

HP:   -8/40 (44)    AC:  2    Str:  9 (10) XL:     6   Next: 47%
MP:   9/16          EV: 13    Int: 13 (15) God:
Gold: 114           SH:  0    Dex:  9 (11) Spells: 15/19 levels left

rFire   . . .      SeeInvis .   v - +0 quarterstaff
rCold   . . .      Faith    .   (shield currently unavailable)
rNeg    . . .      Spirit   .   b - +0 robe
rPois   .          Reflect  .   c - +0 hat
rElec   .          Harm     .   (no cloak)
rCorr   .          Rampage  .   (no gloves)
Will    .....                   (no boots)
Stlth   ++........              (no amulet)
HPRegen 0.13/turn               (no ring)
MPRegen 0.15/turn               (no ring)

@: lethally poisoned (-8 -> -15), drained
A: fangs 1, strong nose, distributed training
a: no special abilities


You were on level 5 of the Dungeon.
You visited 1 branch of the dungeon, and saw 6 of its levels.

You collected 114 gold pieces.

Inventory:

Hand Weapons
 a - a +0 dagger
 v - a +0 quarterstaff (weapon)
 w - a +0 rapier
Armour
 b - a +0 robe (worn)
 c - a +0 hat (worn)
 g - a +0 leather armour
 p - an orb of light
Jewellery
 f - a ring of flight
 q - a ring of resist corrosion
Scrolls
 d - a scroll of enchant weapon {unknown}
 h - a scroll of amnesia {unknown}
 j - a scroll of magic mapping {unknown}
 k - 4 scrolls of identify {unknown}
 l - a scroll of fog {unknown}
 o - a scroll of teleportation {unknown}
 r - a scroll of noise {unknown}
 s - a scroll of blinking {unknown}
 u - a scroll of summoning {unknown}
Potions
 e - a potion of flight {unknown}
 i - 3 potions of degeneration
 m - a potion of mutation {unknown}
 n - a potion of heal wounds {unknown}
 t - a potion of magic {unknown}


   Skills:
 + Level 2.0 Fighting
 + Level 2.0 Short Blades
 + Level 2.0 Long Blades
 + Level 2.0 Axes
 + Level 2.0 Maces & Flails
 + Level 2.0 Polearms
 + Level 2.0 Staves
 + Level 2.0 Slings
 + Level 2.0 Bows
 + Level 2.0 Crossbows
 + Level 2.0 Throwing
 + Level 2.0 Armour
 + Level 5.0 Dodging
 + Level 4.6 Stealth
 + Level 2.0 Shields
 + Level 2.0 Unarmed Combat
 + Level 7.4 Spellcasting
 + Level 2.6 Conjurations
 + Level 1.5 Hexes
 + Level 2.6 Summonings
 + Level 1.5 Necromancy
 + Level 2.6 Translocations
 + Level 1.5 Transmutations
 + Level 1.5 Fire Magic
 + Level 1.5 Ice Magic
 + Level 1.5 Air Magic
 + Level 1.5 Earth Magic
 + Level 1.5 Poison Magic
 + Level 2.2 Invocations
 + Level 2.0 Evocations


You had 15 spell levels left.
You knew the following spells:

 Your Spells              Type           Power      Damage    Failure   Level
a - Magic Dart            Conj           44%        1d5       4%          1
b - Mephitic Cloud        Conj/Pois/Air  9%         N/A       21%         3

Your spell library contained the following spells:

 Spells                   Type           Power      Damage    Failure   Level
 Apportation              Tloc           22%        N/A       4%          1
 Summon Small Mammal      Summ           44%        N/A       4%          1
 Animate Skeleton         Necr           16%        N/A       8%          1
 Slow                     Hex            32%        N/A       8%          1
 Blink                    Tloc           22%        N/A       8%          2
 Call Imp                 Summ           11%        N/A       8%          2
 Conjure Flame            Conj/Fire      10%        6-21      19%         3
 Alistair's Intoxication  Tmut/Pois      5%         N/A       91%         5


Dungeon Overview and Level Annotations

Branches:
Dungeon (6/15)
 Temple: D:4-7

Altars:
Cheibriados
Elyvilon
Trog

Shops:
D:2 [   D:5 (


Innate Abilities, Weirdness & Mutations

You have very sharp teeth.
Your uncanny sense of smell can sniff out nearby items.
Your experience applies equally to all skills.


Message History

The scorpion is moderately wounded.
The scorpion stings you!
You are poisoned.
The scorpion poisons you!
The magic dart hits the scorpion.
The scorpion is heavily wounded.
You feel very sick. The scorpion barely misses you.
You are too injured to fight recklessly!
You are too injured to fight recklessly!
You are too injured to fight recklessly!
You are too injured to fight recklessly!
Casting: Magic Dart (safe; 4% risk of failure)
Confirm with . or Enter, or press ? or * to list all spells.
Aiming: Magic Dart (safe; 4% risk of failure)
Press: ? - help, Shift-Dir - straight line, f/p - scorpion
Aim: a scorpion (heavily wounded, 100% to hit)
The magic dart hits the scorpion but does no damage.
The scorpion is heavily wounded.
You feel sick. The scorpion stings you!
* * * LOW HITPOINT WARNING * * *
Unknown command.
Casting: Magic Dart (safe; 4% risk of failure)
Confirm with . or Enter, or press ? or * to list all spells.
The spell is quite dangerous to miscast (17% risk of failure)!
Continue anyway?
Okay, then.
You feel sick. The scorpion stings you.
* * * LOW HITPOINT WARNING * * *
You are lethally poisoned!
The scorpion poisons you!
You climb upwards.
* * * LOW HITPOINT WARNING * * *
You feel very sick.
There is a stone staircase leading down here.
It was a potion of degeneration.
There was something very wrong with that liquid.
You feel weakened.
You feel dopey.
You feel clumsy.
* * * LOW HITPOINT WARNING * * *
You feel sick. The scorpion stings you!
You die...

#...##.....##....
#............._..
#................
#..........(.....
#.............8..
#................
##........##._....
#.........##......
#@........##.....#
##s...........####
##..............#
#...............#
#...............##
#................#
#................#
##.............###
###...#########


You could see a scorpion.

Vanquished Creatures
  A necrophage (D:4)
  An ogre (D:4)
  A water moccasin skeleton (D:5)
  A hound skeleton (D:5)
  4 adders
  2 worms (D:2)
  2 dart slugs
  5 orcs
  4 endoplasms
  A giant cockroach (D:2)
  3 goblins
  7 hobgoblins
  3 jackals (D:1)
  3 kobolds
  4 quokkas
  2 ball pythons (D:1)
  3 bats (D:1)
  A frilled lizard (D:1)
  5 rats
53 creatures vanquished.

Notes
Turn   | Place    | Note
-------+----------+-------------------------------------------
     0 | D:1      | lordive the Gnoll Hedge Wizard began the quest for the Orb.
     0 | D:1      | Reached XP level 1. HP: 13/13 MP: 8/8
   351 | D:1      | Reached XP level 2. HP: 20/20 MP: 1/10
   646 | D:1      | Found a faded altar of an unknown god.
  1177 | D:2      | Found Ydunwea's Armour Shop.
  1439 | D:2      | Reached XP level 3. HP: 24/25 MP: 1/11
  1774 | D:2      | Learned a level 3 spell: Mephitic Cloud
  1866 | D:2      | Reached skill level 1 in Invocations
  2169 | D:3      | Noticed a centaur
  2490 | D:4      | Noticed a necrophage
  2521 | D:5      | Entered Level 5 of the Dungeon
  2766 | D:4      | Noticed an ogre
  2768 | D:4      | Reached skill level 1 in Fighting
  2768 | D:4      | Reached skill level 1 in Short Blades
  2768 | D:4      | Reached skill level 1 in Long Blades
  2768 | D:4      | Reached skill level 1 in Axes
  2768 | D:4      | Reached skill level 1 in Maces & Flails
  2768 | D:4      | Reached skill level 1 in Polearms
  2768 | D:4      | Reached skill level 1 in Staves
  2768 | D:4      | Reached skill level 1 in Slings
  2768 | D:4      | Reached skill level 1 in Bows
  2768 | D:4      | Reached skill level 1 in Crossbows
  2768 | D:4      | Reached skill level 1 in Throwing
  2768 | D:4      | Reached skill level 1 in Armour
  2768 | D:4      | Reached skill level 1 in Shields
  2768 | D:4      | Reached skill level 1 in Unarmed Combat
  2768 | D:4      | Reached skill level 1 in Evocations
  2994 | D:5      | Reached XP level 4. HP: 30/32 MP: 8/13
  3207 | D:5      | Reached skill level 1 in Hexes
  3207 | D:5      | Reached skill level 1 in Necromancy
  3207 | D:5      | Reached skill level 1 in Transmutations
  3207 | D:5      | Reached skill level 1 in Fire Magic
  3207 | D:5      | Reached skill level 1 in Ice Magic
  3207 | D:5      | Reached skill level 1 in Air Magic
  3207 | D:5      | Reached skill level 1 in Earth Magic
  3207 | D:5      | Reached skill level 1 in Poison Magic
  3207 | D:5      | Reached XP level 5. HP: 25/37 MP: 1/14
  3428 | D:5      | Found Qeubuont's Antique Weapon Emporium.
  3466 | D:5      | Found a white marble altar of Elyvilon.
  3472 | D:5      | Found a bloodstained altar of Trog.
  3472 | D:5      | Found a snail-covered altar of Cheibriados.
  3951 | D:4      | Killed an ogre
  4153 | D:4      | Reached XP level 6. HP: 44/44 MP: 5/16
  4273 | D:4      | Noticed a necrophage
  4284 | D:4      | Killed a necrophage
  4285 | D:4      | Reached skill level 5 in Dodging
  4841 | D:5      | HP: 1/40 [poisoned by a scorpion]
  4841 | D:5      | Mangled by a scorpion

Illustrated notes

Levels and vault maps discovered:
D:1:      dpeg_arrival_pits, layout_loops_ring,
          hellmonk_ecumenical_altar_blasted
D:2:      layout_rooms, serial_shops, nicolae_shop_crystal
D:3:      minmay_evil_eye, layout_basic
D:4:      layout_cave_pods, mainiacjoe_overflow_swirl, hex_large
D:5:      layout_cave_pods, grunt_temple_overflow_open, serial_shops,
          nicolae_shop_overgrown_old_shop, serial_column_ruins,
          column_ruins_hut, column_ruins_hut, column_ruins_corridor_water,
          column_ruins_corridor_straight, column_ruins_grid_3,
          column_ruins_corridor_straight, column_ruins_grid_1,
          column_ruins_grid_1
D:6:      minmay_thinvault, layout_loops_ring, kennysheep_generic_room_12,
          uniq_blork_the_orc

Skill      XL: |  1  2  3  4  5  6 |
---------------+-------------------+-----
Conjurations   | 2 |  2.6
Summonings     | 2 |  2.6
Translocations | 2 |  2.6
Invocations    | 1 2 |  2.2
Fighting       | 1 2 |  2.0
Short Blades   | 1 2 |  2.0
Long Blades    | 1 2 |  2.0
Axes           | 1 2 |  2.0
Maces & Flails | 1 2 |  2.0
Polearms       | 1 2 |  2.0
Staves         | 1 2 |  2.0
Slings         | 1 2 |  2.0
Bows           | 1 2 |  2.0
Crossbows      | 1 2 |  2.0
Throwing       | 1 2 |  2.0
Armour         | 1 2 |  2.0
Shields        | 1 2 |  2.0
Unarmed Combat | 1 2 |  2.0
Evocations     | 1 2 |  2.0
Hexes          | 1 |  1.5
Necromancy     | 1 |  1.5
Transmutations | 1 |  1.5
Fire Magic     | 1 |  1.5
Ice Magic      | 1 |  1.5
Air Magic      | 1 |  1.5
Earth Magic    | 1 |  1.5
Poison Magic   | 1 |  1.5
Dodging        | 5 |  5.0
Stealth        | |  4.6
Spellcasting   | |  7.4

Action                   |  1- 3 |  4- 6 || total
-------------------------+-------+-------++-------
Melee: Dagger            |    11 |       ||    11
       Bite              |     1 |       ||     1
 Cast: Magic Dart        |   140 |    96 ||   236
       Mephitic Cloud    |       |     1 ||     1
  Use: Potion            |       |     1 ||     1
 Stab: Sleeping          |     1 |       ||     1
Armor: Robe              |     4 |     7 ||    11
Dodge: Dodged            |    28 |    27 ||    55

Table legend: (Time is in decaauts)
 A = Elapsed time spent in this place.
 B = Non-inter-level travel time spent in this place.
 C = Inter-level travel time spent in this place.
 D = Time resting spent in this place.
 E = Time spent auto-exploring this place.
 F = Levels seen in this place.
 G = Mean time per level.
                   A        B        C        D        E       F      G
               +--------+--------+--------+--------+--------+-----+--------+
         Total |   4847 |   4671 |    176 |    723 |   3134 |   6 |  807.8 |
       Dungeon |   4847 |   4671 |    176 |    723 |   3134 |   6 |  807.8 |
               +--------+--------+--------+--------+--------+-----+--------+

Top non-repeatable levels by time:
     D:5: 1630 daAuts
     D:1: 1388 daAuts
     D:2: 847 daAuts
     D:4: 769 daAuts
     D:3: 201 daAuts
     D:6: 10 daAuts
